 Dungeon Crawl Stone Soup version 0.25-a0-1137-g7f6bfe439b (webtiles) character file.

Game seed: 676615350873370488, levelgen mode: deterministic

105630 ziltoidlt the Nimble (level 15, -8/78 HPs)
             Began as a Spriggan Venom Mage on May 9, 2020.
             Was a High Priest of Sif Muna.
             Mangled by an Executioner (12 damage)
             ... summoned by Asterion
             ... on level 4 of the Spider Nest on May 23, 2020.
             The game lasted 05:00:54 (35576 turns).

ziltoidlt the Nimble (Spriggan Venom Mage)         Turns: 35576, Time: 05:00:54

Health: -8/78      AC:  8    Str: 17    XL:     15   Next: 95%
Magic:  19/40      EV: 33    Int: 28    God:    Sif Muna [*****.]
Gold:   506        SH:  9    Dex: 24    Spells: 7/36 levels left

rFire    + . .     SeeInvis +   a - +9 dagger "Zihe" {vorpal, Str+7 Int+2}
rCold    + . .     Gourm    .   e - +0 buckler
rNeg     . . .     Faith    .   R - +4 troll leather armour
rPois    +         Spirit   .   U - -2 hat "Kianopneij" {rPois rF+ rCorr Dex+6} (curse)
rElec    +         Reflect  .   L - +1 cloak of Starlight {rElec rC+ EV+4 Stlth--}
rCorr    +         Harm     .   (gloves unavailable)
MR       +++..                  (boots unavailable)
Stlth    ..........             Z - amulet of Echeiq {Acrobat rPois Str+4 Int+4 Stlth-}
HPRegen  0.63/turn              t - ring of magical power
MPRegen  0.27/turn              u - ring of protection from magic

@: very quick
A: very small, unfitting armour, antennae 2, hooves 1, see invisible, herbivore,
speed 3, slow metabolism 2, strong 1
a: Channel Magic, Forget Spell, Divine Exegesis, Renounce Religion


You were on level 4 of the Spider Nest.
You worshipped Sif Muna.
Sif Muna was extremely pleased with you.
You were not hungry.

You visited 5 branches of the dungeon, and saw 26 of its levels.
You visited 1 bazaar.
You also visited: Sewer and Gauntlet.

You collected 2410 gold pieces.
You spent 1904 gold pieces at shops.

Inventory:

Hand Weapons
 a - the +9 dagger "Zihe" (weapon) {vorpal, Str+7 Int+2}
   (You found it on level 5 of the Dungeon)

   It inflicts extra damage upon your enemies.
   It affects your strength (+7).
   It affects your intelligence (+2).
 b - a +0 vorpal hunting sling
 s - a +5 dagger of electrocution
 w - the +7 war axe of Autumn {flame, rC+++ MR+ Str+3 Int-2}
   (You found it on level 10 of the Dungeon)

   It has been specially enchanted to burn those struck by it, causing extra
   injury to most foes and up to half again as much damage against particularly
   susceptible opponents.
   Big, fiery blades are also staple armaments of hydra-hunters.
   It affects your strength (+3).
   It affects your intelligence (-2).
   It renders you almost immune to cold.
   It affects your resistance to hostile enchantments.
Missiles
 q - 6 throwing nets (quivered)
Armour
 e - a +0 buckler (worn)
 A - a +2 cloak of invisibility
 L - the +1 cloak of Starlight (worn) {rElec rC+ EV+4 Stlth--}
   (You found it on level 3 of the Lair of Beasts)

   It affects your evasion (+4).
   It protects you from cold.
   It insulates you from electricity.
   It makes you much less stealthy.
 R - a +4 troll leather armour (worn)
 U - the cursed -2 hat "Kianopneij" (worn) {rPois rF+ rCorr Dex+6}
   (You found it in a Gauntlet)

   It affects your dexterity (+6).
   It protects you from fire.
   It protects you from poison.
   It provides partial protection from all sources of acid and corrosion.
   It has a curse placed upon it.
Magical Staves
 Q - an uncursed staff of wizardry
Jewellery
 h - an uncursed ring of flight
 k - an uncursed ring of protection from fire
 t - a ring of magical power (left hand)
 u - a ring of protection from magic (right hand)
 Z - the amulet of Echeiq (around neck) {Acrobat rPois Str+4 Int+4 Stlth-}
   (You found it in a Gauntlet)

   [amulet of the acrobat]

   It helps you evade while moving and waiting.
   It affects your strength (+4).
   It affects your intelligence (+4).
   It protects you from poison.
   It makes you less stealthy.
Wands
 f - a wand of flame (49)
 n - a wand of digging (4)
 x - a wand of clouds (5)
 C - a wand of disintegration (22)
 E - a wand of iceblast (37)
 H - a wand of paralysis (24)
 V - a wand of acid (7)
 Y - a wand of enslavement (29)
Scrolls
 d - 10 scrolls of teleportation
 j - 3 scrolls of silence
 m - 7 scrolls of fog
 r - 3 scrolls of blinking
 y - a scroll of torment {unknown}
 z - 7 scrolls of identify
 D - 3 scrolls of magic mapping
 G - 2 scrolls of summoning
 M - 4 scrolls of immolation
 N - 6 scrolls of remove curse
 S - a scroll of fear
Potions
 g - 4 potions of cancellation
 i - 4 potions of lignification
 l - 4 potions of magic
 o - 3 potions of might
 p - 3 potions of heal wounds
 v - a potion of mutation
 B - 4 potions of brilliance
 F - 5 potions of flight
 I - 5 potions of curing
 K - 2 potions of stabbing
 O - a potion of resistance
 P - 2 potions of haste
 X - 2 potions of invisibility
Miscellaneous
 J - 4 phantom mirrors
 W - a phial of floods
Comestibles
 c - 24 rations


   Skills:
 + Level 8.7 Fighting
 - Level 10.0 Short Blades
 + Level 1.8 Armour
 - Level 11.0 Dodging
 - Level 6.0 Stealth
 - Level 7.2 Shields
 - Level 11.0 Spellcasting
 - Level 4.0 Conjurations
 - Level 7.0 Hexes
 + Level 4.9 Summonings
 + Level 6.8 Necromancy
 - Level 5.5 Transmutations
 - Level 3.0 Fire Magic
 - Level 5.0 Air Magic
 + Level 6.7 Earth Magic
 - Level 8.7 Poison Magic
 - Level 9.0 Invocations
 - Level 7.0 Evocations


You had 7 spell levels left.
You knew the following spells:

 Your Spells              Type           Power        Failure   Level  Hunger
a - Sting                 Tmut/Pois      ####         1%          1    None
b - Poisonous Vapours     Pois/Air       ######       1%          2    None
c - Mephitic Cloud        Conj/Pois/Air  #####...     1%          3    None
d - Ignite Poison         Fire/Tmut/Pois #####...     1%          3    None
e - Olgreb's Toxic Radia  Pois           ######..     1%          4    None
f - Summon Lightning Spi  Summ/Air       #####...     5%          4    None
g - Borgnjor's Vile Clut  Necr/Erth      ######....   8%          5    ###....
A - Inner Flame           Hex/Fire       #####...     1%          3    None
B - Fulminant Prism       Conj/Hex       #####.....   4%          4    None

Your spell library contained the following spells:

 Spells                   Type           Power        Failure   Level  Hunger
 Animate Skeleton         Necr           N/A          1%          1    None
 Corona                   Hex            ######.      1%          1    None
 Foxfire                  Conj/Fire      ####         1%          1    None
 Pain                     Necr           ####         1%          1    None
 Summon Butterflies       Summ           #####...     1%          1    None
 Summon Small Mammal      Summ           ####         1%          1    None
 Call Imp                 Summ           #####...     1%          2    None
 Ensorcelled Hibernation  Hex/Ice        #####.       1%          2    None
 Call Canine Familiar     Summ           #####...     1%          3    None
 Confusing Touch          Hex            ######..     1%          3    None
 Dazzling Flash           Conj/Hex       #####.       1%          3    None
 Spider Form              Tmut/Pois      ######....   1%          3    None
 Static Discharge         Conj/Air       #####...     1%          3    None
 Summon Guardian Golem    Hex/Summ       #####...     1%          3    None
 Tukima's Dance           Hex            ######..     1%          3    None
 Cause Fear               Hex            ######....   2%          4    None
 Dispel Undead            Necr           ######..     2%          4    None
 Conjure Flame            Conj/Fire      #####...     3%          3    None
 Portal Projectile        Hex/Tloc       #####.       3%          3    None
 Agony                    Necr           ######..     7%          5    ###....
 Summon Mana Viper        Hex/Summ       #####...     11%         5    ###....
 Summon Ice Beast         Ice/Summ       ####....     16%         4    None
 Eringya's Noxious Bog    Tmut/Pois      ######....   34%         6    #####..
 Darkness                 Hex            ######....   36%         6    #####..
 Invisibility             Hex            ######..     36%         6    #####..
 Conjure Ball Lightning   Conj/Air       #####.....   71%         6    #####..
 Starburst                Conj/Fire      #####.....   83%         6    #####..
 Simulacrum               Ice/Necr       ####......   86%         6    #####..
 Dragon Form              Tmut           #####.....   98%         7    ######.
 Spellforged Servitor     Conj/Summ      #####.....   99%         7    ######.
 Summon Hydra             Summ           #####.....   99%         7    ######.
 Borgnjor's Revivificati  Necr           ######....   100%        8    #######
 Death's Door             Chrm/Necr      ####......   100%        8    #######
 Dragon's Call            Summ           #####.....   100%        9    #######


Dungeon Overview and Level Annotations

Branches:
Dungeon (13/15)            Temple (1/1) D:5            Lair (6/6) D:11
 Shoals (0/4) Lair:4       Spider (4/4) Lair:4        Slime (0/5) Lair:5
    Orc (2/2) D:9             Elf (0/3) Orc:2         Sewer (visited)
Gauntlet (visited)
 Vaults: D:13-14

Altars:
Ashenzari
Cheibriados
Dithmenos
Kikubaaqudgha
Makhleb
Nemelex Xobeh
Sif Muna
Trog
Uskayaw
Wu Jian
Xom
Zin
The Shining One
Beogh
Jiyva

Shops:
D:4 (   D:11 ?   Orc:2 =**[%![

Annotations:
D:3 Grinder
D:7 3 runed translucent doors, acepyromaniac2's ghost, novice MiBe
D:8 1 runed translucent door, ra1n577's ghost, novice MiFi
D:10 2 transporters, Waer's ghost, journeyman GrFi
Lair:3 1 runed translucent door, Yheilu's ghost, journeyman OpCj
Lair:5 1 runed translucent door
Spider:4 Asterion


Innate Abilities, Weirdness & Mutations

You are very small and have problems with some larger weapons.
You are too small for most types of armour.
You have supernaturally acute eyesight. (SInv)
You are a herbivore.
You cover ground extremely quickly.
You need to consume almost no food.
You have a pair of antennae on your head.
You have large cloven feet.
Your muscles are strong. (Str +2)


Message History

There is a stone staircase leading up here.
The Executioner hits you!
* * * LOW HITPOINT WARNING * * *
The Executioner completely misses you.
The Executioner hits you but does no damage.
You block the Executioner's attack. x2; The Executioner misses you. x2
The Executioner completely misses you. The Executioner misses you.
You climb upwards.
There is a stone staircase leading down here.
You feel much better.
You climb downwards.
Level annotation: Asterion The Executioner hits you!!
The Executioner misses you. The Executioner completely misses you.
Asterion hits you from afar with a +4 demon trident of electrocution.
There is a stone staircase leading up, spattered with blood here.
The Executioner hits you!!
* * * LOW HITPOINT WARNING * * *
You block the Executioner's attack. x2; The Executioner hits you!
You die...

######## ##......######
##........##..#
##...###....@.##
#...####....1## #
##..##...##..H.#### #.
#...#?.$.##†#†.##.###
...#...#†...##..#..#...#
#.^..##†$.$##..#......#
####..†#####..##.#^.^##
#....†.###H.#####..##
#..##......## #...##


You could see Asterion (fast) and an Executioner (summoned, fast).

Vanquished Creatures
  Kirke (Spider:1)
  Donald (Spider:1)
  A minotaur (Gauntlet)
  An ettin (D:11)
  The ghost of Flugslaktarn the Cleaver, a journeyman MiFi of Uskayaw (D:11)
  Erolcha (D:10)
  6 hydras
  2 centaur warriors
  2 two-headed ogres
  3 death yaks (Lair:5)
  Erica (D:11)
  Urug (Lair:2)
  2 orc high priests
  8 orb spiders
  An orc knight (Orc:2)
  2 manticores
  4 oklob plants (Lair:3)
  13 wolf spiders
  6 orc sorcerers
  2 ugly things (D:13)
  2 cyclopes
  6 elephants (Lair:6)
  2 moths of wrath
  8 black mambas
  Maurice (D:11)
  2 torpor snails
  2 gargoyles
  18 spiny frogs
  6 rime drakes
  8 demonic crawlers
  4 komodo dragons
  14 jumping spiders
  A polar bear (Lair:4)
  8 trolls
  6 slime creatures
  29 blink frogs
  5 tyrant leeches
  5 hornets
  6 dream sheep (Lair:5)
  14 hippogriffs
  A shadow (D:13)
  35 redbacks
  9 tarantellas
  A wraith (D:11)
  2 wyverns
  46 yaks
  A human (D:8)
  A basilisk (Lair:5)
  4 hogs (D:8)
  6 vampire mosquitoes
  3 hungry ghosts
  A soldier ant (D:12)
  7 swamp worms
  5 wargs
  An acid dragon (D:12)
  Duvessa (D:5)
  16 porcupines
  3 sky beasts
  16 water moccasins
  18 orc warriors
  A phantom (D:6)
  4 black bears
  An eye of draining (D:11)
  11 ogres
  9 centaurs
  29 wolves
  16 crocodiles
  A big kobold (D:7)
  A nameless horror (D:12)
  27 bullfrogs
  A water moccasin zombie (D:8)
  Dowan (D:5)
  3 scorpions
  21 killer bees
  7 wights
  8 howler monkeys
  3 electric eels
  6 crimson imps
  2 bullfrog zombies
  2 centaur zombies
  7 hounds
  4 jellies
  19 orc priests
  A gnoll shaman (D:7)
  3 bullfrog skeletons
  3 centaur skeletons
  5 iguanas
  35 orc wizards
  7 worker ants
  A hound zombie (D:10)
  A hound skeleton (D:4)
  A worker ant zombie (D:7)
  23 adders
  13 gnolls
  2 howler monkey skeletons
  2 river rats (D:5)
  3 shadow imps
  14 oozes
  An adder skeleton (D:6)
  2 worms
  2 dart slugs
  15 leopard geckos
  66 orcs
  9 bats
  12 giant cockroaches
  4 goblins
  12 hobgoblins
  5 jackals
  7 quokkas
  11 ball pythons
  11 frilled lizards
  8 kobolds
  14 rats
  A butterfly (Lair:2)
  3 fungi
  4 plants
868 creatures vanquished.

Vanquished Creatures (collateral kills)
  Jorgrun (D:12)
  A tengu warrior (D:13)
  An orb spider (Spider:4)
  A jumping spider (Spider:1)
  6 hornets
  A hippogriff (D:13)
  5 redbacks
  A tarantella (Spider:4)
  4 hogs (Spider:1)
  An adder (D:12)
  An orc (D:13)
23 creatures vanquished.

Vanquished Creatures (others)
  2 bushes (Lair:3)
  28 fulminant prisms
  14 fungi
  76 plants
  8 withered plants (Gauntlet)
128 creatures vanquished.

Grand Total: 1019 creatures vanquished

Notes
Turn   | Place    | Note
-------+----------+-------------------------------------------
     0 | D:1      | ziltoidlt the Spriggan Venom Mage began the quest for the
                  | Orb.
     0 | D:1      | Reached XP level 1. HP: 9/9 MP: 5/5
   338 | D:1      | Reached XP level 2. HP: 8/13 MP: 2/6
   342 | D:1      | Learned a level 2 spell: Poisonous Vapours
  1112 | D:2      | Reached XP level 3. HP: 16/16 MP: 4/8
  1150 | D:2      | Learned a level 3 spell: Mephitic Cloud
  1416 | D:2      | Found a shadowy altar of Dithmenos.
  1763 | D:2      | Reached XP level 4. HP: 21/21 MP: 9/9
  1768 | D:2      | Learned a level 3 spell: Ignite Poison
  1894 | D:2      | Reached skill level 1 in Air Magic
  2604 | D:3      | Noticed Grinder
  2891 | D:3      | Reached XP level 5. HP: 24/24 MP: 5/10
  3258 | D:4      | Reached skill level 1 in Conjurations
  3567 | D:4      | Reached skill level 1 in Fire Magic
  3567 | D:4      | Reached XP level 6. HP: 24/28 MP: 6/11
  4001 | D:4      | Reached skill level 5 in Stealth
  4202 | D:4      | Found Ulant's Weapon Boutique.
  4209 | D:4      | Bought a +0 hunting sling of freezing for 65 gold pieces
  4465 | D:5      | Entered Level 5 of the Dungeon
  4494 | D:5      | Found a glowing drain.
  4504 | D:5      | Found a staircase to the Ecumenical Temple.
  4524 | Temple   | Entered the Ecumenical Temple
  4545 | Temple   | Became a worshipper of Sif Muna the Loreminder
  4570 | Sewer    | Entered a sewer
  4807 | Sewer    | Reached * piety under Sif Muna
  4914 | Sewer    | Reached skill level 5 in Poison Magic
  5372 | Sewer    | Reached skill level 1 in Invocations
  5372 | Sewer    | Reached XP level 7. HP: 30/32 MP: 8/12
  6077 | D:5      | Noticed Duvessa
  6146 | D:5      | Noticed Dowan
  6163 | D:5      | Killed Dowan
  6303 | D:5      | Killed Duvessa
  6657 | D:5      | Got a jewelled dagger
  6658 | D:5      | Identified the +9 dagger "Zihe" {vorpal, Str+7 Int+2} (You
                  | found it on level 5 of the Dungeon)
  6762 | D:5      | Reached ** piety under Sif Muna
  6939 | D:5      | Reached XP level 8. HP: 36/36 MP: 8/13
  7768 | D:6      | Learned a level 4 spell: Olgreb's Toxic Radiance
  8664 | D:7      | Reached XP level 9. HP: 37/39 MP: 9/17
  9012 | D:7      | Found a runed translucent gate.
  9012 | D:7      | Found a runed translucent gate.
  9013 | D:7      | Found a runed translucent gate.
  9015 | D:7      | Noticed acepyromaniac2's ghost (novice MiBe)
  9129 | D:7      | Reached skill level 5 in Spellcasting
  9220 | D:7      | Reached *** piety under Sif Muna
  9907 | D:8      | Reached skill level 1 in Short Blades
 10039 | D:8      | Reached skill level 1 in Fighting
 10039 | D:8      | Reached skill level 5 in Invocations
 10749 | D:8      | Reached skill level 5 in Dodging
 10892 | D:8      | Noticed ra1n577's ghost (novice MiFi)
 10895 | D:8      | Found a runed translucent door.
 10941 | D:8      | Reached XP level 10. HP: 32/47 MP: 9/20
 11201 | D:8      | Learned a level 3 spell: Confusing Touch
 11205 | D:8      | Learned a level 3 spell: Tukima's Dance
 11218 | D:8      | Reached **** piety under Sif Muna
 11487 | D:9      | Reached skill level 1 in Hexes
 12503 | D:9      | Found a staircase to the Orcish Mines.
 12531 | D:9      | Found an ancient bone altar of Kikubaaqudgha.
 12596 | Orc:1    | Entered Level 1 of the Orcish Mines
 12912 | D:9      | Noticed a two-headed ogre
 12935 | D:9      | Killed a two-headed ogre
 13025 | D:10     | Entered Level 10 of the Dungeon
 13116 | D:10     | Noticed Waer's ghost (journeyman GrFi)
 13117 | D:10     | Reached skill level 5 in Short Blades
 13117 | D:10     | Reached skill level 5 in Hexes
 13366 | D:10     | Found a transporter.
 13370 | D:10     | Found a transporter.
 13406 | D:10     | Got a scorched war axe
 13445 | D:10     | Noticed a gargoyle
 13569 | D:10     | Reached XP level 11. HP: 53/53 MP: 7/22
 13713 | D:10     | Noticed Erolcha
 14051 | D:10     | Noticed a centaur warrior
 14073 | D:10     | Killed a centaur warrior
 14225 | D:10     | Found a burning altar of Makhleb.
 14226 | D:10     | Noticed a blizzard demon
 14321 | D:10     | Killed Erolcha
 14321 | D:10     | Reached skill level 5 in Fighting
 14721 | D:11     | Found a staircase to the Lair.
 15564 | D:11     | Noticed Erica
 15571 | D:11     | Killed Erica
 15694 | D:11     | Found a shattered altar of Ashenzari.
 15736 | D:11     | Reached ***** piety under Sif Muna
 16040 | D:11     | Found a runed translucent door.
 16040 | D:11     | Noticed Flugslaktarn's ghost (journeyman MiFi)
 16040 | D:11     | Noticed an ettin
 16075 | D:11     | Killed an ettin
 16075 | D:11     | Reached XP level 12. HP: 28/62 MP: 7/25
 16108 | D:11     | Killed Flugslaktarn's ghost
 16420 | D:11     | Found Rerharuh's Magic Scroll Emporium.
 16430 | D:11     | Bought a scroll of fog for 26 gold pieces
 16430 | D:11     | Bought 2 scrolls of remove curse for 78 gold pieces
 16430 | D:11     | Bought a scroll of enchant armour for 97 gold pieces
 16430 | D:11     | Bought a scroll of teleportation for 39 gold pieces
 16430 | D:11     | Bought a scroll of identify for 26 gold pieces
 16430 | D:11     | Bought a scroll of identify for 26 gold pieces
 16430 | D:11     | Bought a scroll of fear for 45 gold pieces
 16430 | D:11     | Bought a scroll of identify for 26 gold pieces
 16430 | D:11     | Bought a scroll of identify for 26 gold pieces
 16494 | D:11     | Identified the +7 war axe of Autumn {flame, rC+++ MR+ Str+3
                  | Int-2} (You found it on level 10 of the Dungeon)
 16554 | D:11     | Noticed Maurice
 16560 | D:11     | Killed Maurice
 16568 | D:11     | Reached skill level 1 in Evocations
 16809 | D:11     | Identified Sif Muna's Tome of Orientation and Enchantment
                  | (Sif Muna gifted it to you on level 11 of the Dungeon)
 16809 | D:11     | Received a gift from Sif Muna
 17703 | Orc:1    | Reached skill level 10 in Dodging
 17845 | Orc:1    | Noticed an orc high priest
 17849 | Orc:1    | Killed an orc high priest
 18120 | Orc:2    | Entered Level 2 of the Orcish Mines
 18564 | Orc:2    | Noticed an orc high priest
 18568 | Orc:2    | Killed an orc high priest
 18698 | Orc:2    | Found a staircase to the Elven Halls.
 18756 | Orc:2    | Identified Sif Muna's Reference Book on Unholy Secrets and
                  | Attacks (Sif Muna gifted it to you on level 2 of the Orcish
                  | Mines)
 18756 | Orc:2    | Received a gift from Sif Muna
 18860 | Orc:2    | Reached skill level 5 in Evocations
 18956 | Orc:2    | Found a roughly hewn altar of Beogh.
 19173 | Orc:2    | Found Xopsul's Jewellery Shoppe.
 19223 | Orc:2    | Found Irias's Food Shop.
 19418 | Orc:2    | Found Counk's Armour Emporium.
 19418 | Orc:2    | Found Feku's Assorted Antiques.
 19418 | Orc:2    | Found Ihoiron's General Store.
 19421 | Orc:2    | Found Dorphisyp's Distillery.
 19424 | Orc:2    | Bought a +0 buckler for 54 gold pieces
 19431 | Orc:2    | Bought a scroll of identify for 22 gold pieces
 19582 | Orc:2    | Found Ellu's Antique Armour Shoppe.
 19994 | Orc:2    | Bought an uncursed ring of magical power for 220 gold
                  | pieces
 19996 | Orc:2    | Bought a +3 ring of protection for 231 gold pieces
 20003 | Orc:2    | Bought a ration for 60 gold pieces
 20003 | Orc:2    | Bought a ration for 60 gold pieces
 20003 | Orc:2    | Bought a ration for 60 gold pieces
 20030 | Orc:2    | Bought a scroll of remove curse for 33 gold pieces
 20030 | Orc:2    | Bought a ration for 55 gold pieces
 20030 | Orc:2    | Bought a potion of cancellation for 88 gold pieces
 20036 | Orc:2    | Bought an uncursed staff of poison for 275 gold pieces
 20146 | Lair:1   | Entered Level 1 of the Lair of Beasts
 20157 | Lair:1   | Reached XP level 13. HP: 61/67 MP: 22/27
 20283 | Lair:1   | Found a gate leading to a gauntlet.
 20297 | Gauntlet | Entered a Gauntlet
 20297 | Gauntlet | Found a transporter.
 20297 | Gauntlet | Found a transporter.
 20348 | Gauntlet | Found a transporter.
 20357 | Gauntlet | Found a transporter.
 20377 | Gauntlet | Found a transporter.
 20385 | Gauntlet | Found a transporter.
 20392 | Gauntlet | Found a transporter.
 20402 | Gauntlet | Found a transporter.
 20402 | Gauntlet | Found a transporter.
 20406 | Gauntlet | Found a transporter.
 20433 | Gauntlet | Found a transporter.
 20440 | Gauntlet | Found a transporter.
 20487 | Gauntlet | Found a transporter.
 20500 | Gauntlet | Noticed a reaper
 20501 | Gauntlet | Found a transporter.
 20601 | Gauntlet | Found a transporter.
 20617 | Gauntlet | Found a transporter.
 20714 | Gauntlet | Reached skill level 1 in Shields
 20714 | Gauntlet | Reached skill level 10 in Short Blades
 20873 | Gauntlet | Got a faintly glowing hat
 20879 | Gauntlet | Identified the cursed -2 hat "Kianopneij" {rPois rF+ rCorr
                  | Dex+6} (You found it in a Gauntlet)
 20909 | Gauntlet | Reached skill level 10 in Spellcasting
 21014 | Gauntlet | Noticed a minotaur
 21030 | Gauntlet | Killed a minotaur
 21113 | Gauntlet | Got a faintly glowing steel amulet
 21114 | Gauntlet | Identified the amulet of Echeiq {Acrobat rPois Str+4 Int+4
                  | Stlth-} (You found it in a Gauntlet)
 21504 | Lair:1   | Identified Sif Muna's Guide on Intoxication and Unholy
                  | Rituals (Sif Muna gifted it to you on level 1 of the Lair
                  | of Beasts)
 21504 | Lair:1   | Received a gift from Sif Muna
 21596 | Lair:1   | Learned a level 5 spell: Borgnjor's Vile Clutch
 22182 | Lair:2   | Noticed Urug
 22191 | Lair:2   | Killed Urug
 22440 | Lair:2   | Reached skill level 1 in Earth Magic
 22756 | Lair:3   | Upgraded the game from 0.25-a0-975-gcae8493d64 to
                  | 0.25-a0-1024-gbfbf38f2cb
 22767 | Lair:2   | Learned a level 3 spell: Inner Flame
 22772 | Lair:2   | Learned a level 4 spell: Fulminant Prism
 22895 | Lair:3   | Reached skill level 1 in Necromancy
 23609 | Lair:3   | Found the +1 cloak of Starlight {rElec rC+ EV+4 Stlth--}
 23849 | Lair:3   | Gained mutation: You have a pair of small antennae on your
                  | head. [potion of mutation]
 23849 | Lair:3   | Gained mutation: You have sharp toenails. [potion of
                  | mutation]
 24204 | Lair:3   | Found a runed translucent door.
 24207 | Lair:3   | Found a shimmering altar of Xom.
 24207 | Lair:3   | Noticed Yheilu's ghost (journeyman OpCj)
 24814 | Lair:4   | Identified Sif Muna's Disquisition on Attacks and Shape
                  | Shifting (Sif Muna gifted it to you on level 4 of the Lair
                  | of Beasts)
 24814 | Lair:4   | Received a gift from Sif Muna
 25059 | Lair:4   | Found a staircase to the Shoals.
 25083 | Lair:4   | Reached XP level 14. HP: 73/73 MP: 29/29
 25470 | Lair:4   | Found a hole to the Spider Nest.
 26484 | Lair:5   | Found a runed translucent door.
 26485 | Lair:5   | Found a viscous altar of Jiyva.
 26486 | Lair:5   | Noticed an acid blob
 26488 | Lair:5   | Found a staircase to the Slime Pits.
 26884 | Lair:5   | Reached skill level 5 in Shields
 27255 | Lair:5   | Learned a level 6 spell: Eringya's Noxious Bog
 27256 | Lair:6   | Entered Level 6 of the Lair of Beasts
 27676 | Lair:6   | Reached skill level 5 in Earth Magic
 27694 | Lair:5   | Reached skill level 5 in Necromancy
 27780 | Lair:6   | Received a gift from Sif Muna
 28260 | Lair:6   | Reached skill level 5 in Transmutations
 28624 | Lair:6   | Lost mutation: You have sharp toenails. [potion of
                  | mutation]
 28624 | Lair:6   | Gained mutation: Armour fits poorly on your strangely
                  | shaped body. [potion of mutation]
 28624 | Lair:6   | Gained mutation: You are partially covered in slimy green
                  | scales. (AC +2) [potion of mutation]
 28627 | Lair:6   | Lost mutation: Armour fits poorly on your strangely shaped
                  | body. [potion of mutation]
 28627 | Lair:6   | Lost mutation: You are partially covered in slimy green
                  | scales. (AC +2) [potion of mutation]
 28627 | Lair:6   | Gained mutation: Your muscles are strong. (Str +2) [potion
                  | of mutation]
 28627 | Lair:6   | Gained mutation: You have a pair of antennae on your head.
                  | [potion of mutation]
 28627 | Lair:6   | Gained mutation: You have large cloven feet. [potion of
                  | mutation]
 28877 | Lair:5   | Upgraded the game from 0.25-a0-1024-gbfbf38f2cb to
                  | 0.25-a0-1119-g28b6fd0c3b
 28877 | Lair:5   | Upgraded the game from 0.25-a0-1119-g28b6fd0c3b to
                  | 0.25-a0-1133-g93ebf739aa
 29900 | D:12     | Learned a level 4 spell: Summon Lightning Spire
 29947 | D:12     | Found a flickering gateway to a bazaar.
 29956 | Bazaar   | Entered a bazaar
 29971 | Bazaar   | Found Faxti's Book Emporium.
 29986 | Bazaar   | Found Ocuopat's Distillery.
 29986 | Bazaar   | Found Domua's Assorted Antiques.
 30029 | Bazaar   | Found Tiruos's Antique Weapon Emporium.
 30096 | Bazaar   | Bought a scroll of magic mapping for 73 gold pieces
 30102 | Bazaar   | Bought a potion of heal wounds for 45 gold pieces
 30102 | Bazaar   | Bought a potion of resistance for 90 gold pieces
 30108 | Bazaar   | Bought an encrusted fluorescent wand for 84 gold pieces
 30502 | D:12     | Reached XP level 15. HP: 77/77 MP: 30/30
 30715 | D:12     | Noticed Jorgrun
 30726 | D:12     | Killed Jorgrun
 30852 | D:12     | Reached skill level 1 in Summonings
 32264 | D:13     | Identified Cataorr's Papyrus of Damaging Hexes (Sif Muna
                  | gifted it to you on level 13 of the Dungeon)
 32264 | D:13     | Received a gift from Sif Muna
 32595 | Spider:1 | Entered Level 1 of the Spider Nest
 32597 | Spider:1 | Noticed Donald
 32600 | Spider:1 | Noticed Kirke
 32608 | Spider:1 | Killed Donald
 32609 | Spider:1 | Killed Kirke
 33702 | Spider:2 | Reached skill level 1 in Armour
 34445 | Spider:3 | Received a gift from Sif Muna
 34448 | Spider:3 | Upgraded the game from 0.25-a0-1133-g93ebf739aa to
                  | 0.25-a0-1137-g7f6bfe439b
 35384 | Spider:4 | Entered Level 4 of the Spider Nest
 35508 | Spider:4 | Noticed Asterion
 35509 | Spider:4 | Reached skill level 5 in Air Magic
 35559 | Spider:4 | Noticed an Executioner
 35576 | Spider:4 | Mangled by an Executioner

Illustrated notes

Levels and vault maps discovered:
D:1:      dpeg_arrival_pond, layout_basic
D:2:      layout_loops_ring, marbit_many_paths
D:3:      layout_basic, minmay_shallow_snake_nest, uniq_grinder
D:4:      layout_basic, serial_shops, shop, first_ration
D:5:      minmay_thick_lines, layout_rooms, minmay_temple_entry_mini_moons,
          portal_sewer_entry_a, chequers_serial_rivers_micro_b, uniq_duvessa
D:6:      layout_basic, st_stairs_13
D:7:      layout_loops_corners, gammafunk_ghost_necromancy
D:8:      layout_basic, hellmonk_ghost_happy_afterlife, grunt_livestock,
          lemuel_old_faithful
D:9:      layout_cave_pools, hiddenorc1_lemuel, basic_altar
D:10:     layout_cave_pools, gammafunk_ghost_hive, makhleb_altar_promises_db,
          uniq_erolcha
D:11:     layout_roguey, minmay_lair_entry_grove, serial_shops, shop_coins,
          ebering_ghost_inner_flame, kennysheep_path_1, lemuel_altar_in_water2,
          uniq_maurice, uniq_erica
D:12:     layout_grid_maze, serial_shops, bzr_entry_lakeside, uniq_jorgrun
D:13:     layout_cave_pods
Temple:   grunt_wide_crystal_templ
Lair:1:   layout_roguey, gauntlet_entry_generic, grunt_megastairs_2
Lair:2:   layout_cave_shapes, grunt_megastairs_4, lemuel_fruit_fields,
          infiniplex_staircase_pool, uniq_urug
Lair:3:   dpeg_oklob_gauntlet, layout_loops_ring, ebering_ghost_xom,
          worms_lemuel, grunt_megastairs_3
Lair:4:   layout_gridlike, minmay_shoals_entry_beasts, spider_nest_entry_rubble
Lair:5:   layout_concentric_octagons, slime_altar_2,
          grunt_forest_large_clearings
Lair:6:   minmay_lair_end_frog_pond, layout_loops_ring, minmay_lair_drake_nest
Spider:1: layout_spider_delve, uniq_donald, uniq_kirke
Spider:2: layout_spider_delve
Spider:3: layout_spider_delve
Spider:4: grunt_spider_rune_parallel, spiders_nest_hornet_nest, uniq_louise,
          uniq_asterion
Orc:1:    layout_caves
Orc:2:    st_orc_mages, layout_caves, serial_shops, shop, shop, shop_fountains,
          mines1_david

Skill      XL: |  1  2  3  4  5  6  7  8  9 10 11 12 13 14 15 |
---------------+----------------------------------------------+-----
Spellcasting   | 3 4 6 7 8 9 10 11 | 11.0
Transmutations | 2 3 5 |  5.5
Stealth        | 4 5 6 |  6.0
Air Magic      | 1 2 3 5 |  5.0
Poison Magic   | 4 5 6 7 8 |  8.7
Conjurations   | 1 2 3 4 |  4.0
Fire Magic     | 1 2 3 |  3.0
Invocations    | 1 2 4 5 6 8 9 |  9.0
Short Blades   | 3 5 8 9 10 | 10.0
Fighting       | 2 4 6 7 8 |  8.7
Dodging        | 5 7 9 11 | 11.0
Hexes          | 5 6 7 |  7.0
Evocations     | 5 7 |  7.0
Shields        | 4 5 7 |  7.2
Earth Magic    | 3 5 6 |  6.7
Necromancy     | 2 5 6 |  6.8
Summonings     | 4 |  4.9
Armour         | 1 |  1.8

Action                   |  1- 3 |  4- 6 |  7- 9 | 10-12 | 13-15 || total
-------------------------+-------+-------+-------+-------+-------++-------
Melee: Dagger            |    39 |   100 |   101 |   146 |   450 ||   836
       Kick              |       |       |       |       |   174 ||   174
       War axe           |       |       |       |       |     1 ||     1
 Fire: Hunting sling     |       |   118 |   133 |    20 |       ||   271
Throw: Stone             |    49 |    49 |    14 |    60 |     7 ||   179
       Dart              |       |       |     3 |       |       ||     3
 Cast: Sting             |    48 |    74 |   113 |   159 |   326 ||   720
       Poisonous Vapours |     3 |    18 |    56 |   133 |   195 ||   405
       Mephitic Cloud    |       |       |    12 |    35 |    45 ||    92
       Ignite Poison     |       |       |    11 |    69 |   128 ||   208
       Olgreb's Toxic Ra |       |       |     5 |    45 |    76 ||   126
       Confusing Touch   |       |       |       |     5 |     1 ||     6
       Tukima's Dance    |       |       |       |     1 |       ||     1
       Fulminant Prism   |       |       |       |       |    28 ||    28
       Inner Flame       |       |       |       |       |     4 ||     4
       Summon Lightning  |       |       |       |       |    18 ||    18
       Borgnjor's Vile C |       |       |       |       |    21 ||    21
Invok: Channel Magic     |       |       |       |     5 |     1 ||     6
       Forget Spell      |       |       |       |       |     2 ||     2
Evoke: Wand              |       |       |       |     2 |     4 ||     6
  Use: Scroll            |     1 |    10 |     4 |    15 |    15 ||    45
       Potion            |       |       |     1 |       |     5 ||     6
 Stab: Sleeping          |     6 |     4 |     2 |     1 |     2 ||    15
       Confused          |       |       |     1 |     5 |     1 ||     7
       Distracted        |       |       |       |       |     5 ||     5
  Eat: Ration            |       |     2 |     4 |     8 |     8 ||    22
Armor: Robe              |     2 |    11 |     6 |     5 |       ||    24
       Troll leather arm |       |       |       |     2 |    46 ||    48
Dodge: Dodged            |    42 |    78 |   113 |   148 |   703 ||  1084
Block: Other             |       |     7 |    11 |    14 |     2 ||    34
       Reflection        |       |     1 |       |     1 |       ||     2
       Buckler           |       |       |       |       |   131 ||   131

Table legend:
 A = Non-vault XP
 B = Vault XP
 C = Vault XP percentage of total XP
 D = Non-vault monster count
 E = Vault monster count
 F = Vault count percentage of total count
                 A         B        C        D         E       F
            +---------+---------+-------+---------+---------+-------
      Total |  103412 |   47489 |  31.5 |     614 |     268 |  30.4
            +---------+---------+-------+---------+---------+-------
        D:1 |      30 |       0 |   0.0 |      15 |       0 |   0.0
        D:2 |      94 |       1 |   1.1 |      28 |       1 |   3.4
        D:3 |     113 |       0 |   0.0 |      17 |       0 |   0.0
        D:4 |     248 |       0 |   0.0 |      14 |       0 |   0.0
        D:5 |     435 |     321 |  42.5 |      17 |      10 |  37.0
        D:6 |     938 |      43 |   4.4 |      17 |       1 |   5.6
        D:7 |     642 |       0 |   0.0 |      23 |       0 |   0.0
        D:8 |    2264 |     965 |  29.9 |      42 |       5 |  10.6
        D:9 |    2600 |     217 |   7.7 |      24 |      17 |  41.5
       D:10 |    5273 |    1012 |  16.1 |      28 |       1 |   3.4
       D:11 |    6278 |    4966 |  44.2 |      51 |      17 |  25.0
       D:12 |    4510 |    2913 |  39.2 |      24 |       1 |   4.0
       D:13 |    5330 |       0 |   0.0 |      26 |       0 |   0.0
     Lair:1 |    6989 |      85 |   1.2 |      32 |       1 |   3.0
     Lair:2 |     904 |    1750 |  65.9 |       8 |       4 |  33.3
     Lair:3 |    6101 |    4201 |  40.8 |      30 |      13 |  30.2
     Lair:4 |    4515 |    1046 |  18.8 |      17 |       3 |  15.0
     Lair:5 |   10080 |    3285 |  24.6 |      31 |      23 |  42.6
     Lair:6 |   10042 |   11257 |  52.9 |      25 |      44 |  63.8
   Spider:1 |   12081 |    4541 |  27.3 |      33 |       6 |  15.4
   Spider:2 |    8708 |       0 |   0.0 |      26 |       0 |   0.0
   Spider:3 |    7624 |       0 |   0.0 |      29 |       0 |   0.0
   Spider:4 |    1535 |    1920 |  55.6 |       6 |       9 |  60.0
      Orc:1 |    2441 |       0 |   0.0 |      18 |       0 |   0.0
      Orc:2 |    3637 |    4837 |  57.1 |      33 |      44 |  57.1
      Sewer |       0 |     355 | 100.0 |       0 |      55 | 100.0
   Gauntlet |       0 |    3774 | 100.0 |       0 |      13 | 100.0
            +---------+---------+-------+---------+---------+-------
